[Event "Titled Tuesday Blitz April 19 Late 2022"]
[White "Sarana, Alexey"]
[Black "Petesch, Gabriel"]
[WhiteFideId "24133795"]
[BlackFideId "2032465"]
[WhiteElo "2666"]
[BlackElo "2374"]
[Result "1-0"]
[Round "01"]
[TimeControl "180+1"]
[Date "2022.04.19"]
[WhiteClock "0:00:11"]
[BlackClock "0:00:03"]

1. d4 e6 2. c4 Nf6 3. Nc3 Bb4 4. Qc2 b6 5. e4 Bb7 6. Bd3 Nc6 7. Ne2 e5 8. d5 Nd4 9. Nxd4 exd4 10. a3 Bxc3+ 11. bxc3 dxc3 12. Qxc3 d6 13. O-O h6 14. f4 O-O 15. e5 Nd7 16. Bb2 f6 17. e6 Nc5 18. Bg6 Na4 19. Qc2 Nxb2 20. Qxb2 Qe7 21. f5 Rfc8 22. Bh5 c6 23. Bf3 Rc7 24. a4 cxd5 25. Bxd5 Rac8 26. h3 Ba6 27. a5 Bxc4 28. Bxc4 Rxc4 29. axb6 axb6 30. Qxb6 R4c6 31. Qa7 R6c7 32. Qf2 Rc2 33. Qg3 R2c3 34. Qg6 d5 35. Rad1 Rd8 36. Qg4 d4 37. Kh1 d3 38. Rd2 Rc2 39. Rdd1 d2 40. Qe4 Qc5 41. Kh2 Qc7+ 42. Kg1 Rc4 43. Qe2 Qc5+ 44. Kh1 Rcd4 45. Qh5 R4d5 46. Rf3 Qe7 47. Rf2 Qxe6 48. Rfxd2 Qe5 49. Rxd5 Rxd5 50. Rf1 Qe7 51. Qf3 Rd8 52. Qg4 Qf7 53. Re1 Re8 54. Rd1 Rf8 55. h4 Re8 56. Kh2 Qc7+ 57. g3 Qf7 58. Kh3 Qe7 59. Qg6 Qf7 60. Qg4 Rf8 61. Re1 Re8 62. Rc1 h5 63. Qf3 Rf8 64. Re1 Re8 65. Rd1 Rf8 66. Rb1 Re8 67. Rb7 Qa2 68. Qxh5 Rf8 69. Qg6 Rf7 70. Qxf7+ Qxf7 71. Rxf7 Kxf7 72. Kg4 Kg8 73. Kf4 Kh7 74. Ke4 Kh6 75. g4 Kh7 76. Kd5 Kg8 77. Ke6 Kf8 78. h5 Kg8 79. h6 gxh6 80. Kxf6 Kh7 81. Kf7 1-0


[Site "https://www.chess.com"]

[Event "Titled Tuesday Blitz April 19 Late 2022"]
[White "Sernecki, Franciszek"]
[Black "Mirza, Diana"]
[WhiteFideId "1169297"]
[BlackFideId "2503999"]
[WhiteElo "2165"]
[BlackElo "1813"]
[Result "1-0"]
[Round "01"]
[TimeControl "180+1"]
[Date "2022.04.19"]
[WhiteClock "0:00:21"]
[BlackClock "0:00:21"]

1. e4 d5 2. exd5 Nf6 3. c4 Bf5 4. Nc3 c6 5. Nf3 cxd5 6. d4 dxc4 7. Bxc4 Nc6 8. Qb3 e6 9. Qxb7 Nb4 10. Bb5+ Nd7 11. Bxd7+ Qxd7 12. Qxa8+ Ke7 13. O-O g6 14. Qb8 Nc2 15. Rb1 Bg7 16. Qg3 Nxd4 17. Bg5+ f6 18. Nxd4 Bxb1 19. Rxb1 fxg5 20. Nf3 h6 21. Re1 Rb8 22. Qxb8 g4 23. Qb4+ Kf7 24. Qxg4 h5 25. Qf4+ Kg8 26. Qe4 Kh7 27. Qxe6 Qb7 28. Ng5+ Kh6 29. Nf7+ Kh7 30. Ne4 Qxb2 31. Neg5+ Kg8 32. Nh6+ Kf8 33. Qf7# 1-0


[Site "https://www.chess.com"]

[Event "Titled Tuesday Blitz April 19 Late 2022"]
[White "Shimanov, Aleksandr"]
[Black "Dauner, Benedikt"]
[WhiteFideId "4198603"]
[BlackFideId "16225899"]
[WhiteElo "2636"]
[BlackElo "2230"]
[Result "1-0"]
[Round "01"]
[TimeControl "180+1"]
[Date "2022.04.19"]
[WhiteClock "0:00:08"]
[BlackClock "0:00:04"]

1. d4 d5 2. Nc3 Nf6 3. Bf4 c5 4. e4 cxd4 5. Qxd4 Nc6 6. Bb5 Bd7 7. Bxc6 Bxc6 8. e5 Nd7 9. e6 fxe6 10. Nf3 Qb6 11. Qd2 d4 12. Qxd4 Bxf3 13. Qxb6 Nxb6 14. gxf3 g6 15. Be5 Rg8 16. Ne4 Bh6 17. Rd1 Rc8 18. Bc3 Rf8 19. Rd3 Nd5 20. Bd2 Bxd2+ 21. Kxd2 Nb4 22. Rb3 Rxc2+ 23. Kd1 Rc4 24. a3 Nd5 25. Re1 h6 26. Nd2 Rd4 27. Rxe6 Kf7 28. Re4 Rxe4 29. fxe4 Nf4 30. Rxb7 Rd8 31. Rxa7 Nd3 32. b4 Nxf2+ 33. Ke2 Nd3 34. Nf3 Nf4+ 35. Ke3 g5 36. Nd4 Ng2+ 37. Kd3 Nf4+ 38. Kc4 Rc8+ 39. Kb5 g4 40. Nf5 Kf6 41. Nxh6 Kg5 42. Nf7+ Kf6 43. Nh6 Kg5 44. Nf5 e6 45. Rg7+ Kf6 46. Rxg4 Nd3 47. Nd6 Rb8+ 48. Ka6 Ke5 49. Nc4+ Kd4 50. Nb6 e5 51. b5 Rh8 52. a4 Rh7 53. Nc8 Nc5+ 54. Kb6 Nxa4+ 55. Kc6 Nc3 56. b6 Rh6+ 57. Nd6 Na4 58. b7 Rh8 59. Nc8 Nc3 60. b8=Q Rh6+ 61. Nd6 Nxe4 62. Rxe4+ Kd3 63. Qb3+ Kd2 64. Qe3+ Kc2 65. Rc4+ 1-0


[Site "https://www.chess.com"]

[Event "Titled Tuesday Blitz April 19 Late 2022"]
[White "Sirosh, Ilja"]
[Black "Petrova, Irina"]
[WhiteFideId "4500458"]
[BlackFideId "14124122"]
[WhiteElo "2241"]
[BlackElo "1993"]
[Result "1/2-1/2"]
[Round "01"]
[TimeControl "180+1"]
[Date "2022.04.19"]
[WhiteClock "0:00:28"]
[BlackClock "0:00:09"]

1. e4 c5 2. Nf3 Nc6 3. d4 cxd4 4. Nxd4 Nf6 5. Nc3 e5 6. Ndb5 d6 7. Bg5 a6 8. Na3 b5 9. Nd5 Be7 10. Bxf6 Bxf6 11. c4 b4 12. Nc2 Rb8 13. b3 O-O 14. h4 Be6 15. g3 Bxd5 16. cxd5 Nd4 17. Nxd4 exd4 18. Rc1 d3 19. Bxd3 Bc3+ 20. Kf1 Qf6 21. Kg2 a5 22. f4 Rfe8 23. Qf3 Qd4 24. Rcd1 Qc5 25. h5 a4 26. e5 dxe5 27. Qe4 exf4 28. Qxh7+ Kf8 29. Qh8+ Ke7 30. Rhe1+ Bxe1 31. Rxe1+ Kd7 32. Bf5+ Kd6 33. Rxe8 Qxd5+ 34. Be4 Qxe4+ 35. Rxe4 Rxh8 36. Rxf4 axb3 37. axb3 f6 38. g4 Rb8 39. Rc4 Rb5 40. Kf3 Kd7 41. Kf4 Kd6 42. Rc8 Rb7 43. Kf5 Rb5+ 44. Kf4 Rb7 45. Rf8 Ke6 46. Re8+ Kf7 47. Re4 Rb6 48. Ke3 Rb7 49. Kd3 Rb6 50. Kc4 Rb7 51. Kc5 g6 52. hxg6+ Kxg6 53. Rxb4 Rxb4 54. Kxb4 Kg5 55. Kc5 Kxg4 56. b4 f5 57. b5 f4 58. Kd4 f3 59. Ke3 Kg3 60. b6 f2 61. b7 f1=Q 62. b8=Q+ Kg2 63. Qg8+ Kh1 64. Qh7+ Kg1 65. Qg6+ Kh1 66. Qh5+ Kg2 67. Qg4+ Kh2 68. Qh4+ Qh3+ 69. Qxh3+ Kxh3 1/2-1/2


[Site "https://www.chess.com"]

[Event "Titled Tuesday Blitz April 19 Late 2022"]
[White "Solon, Nathan"]
[Black "Hernandez Bermudez, Ulises Eduardo"]
[WhiteFideId "2017229"]
[BlackFideId "3902510"]
[WhiteElo "2573"]
[BlackElo "2056"]
[Result "1-0"]
[Round "01"]
[TimeControl "180+1"]
[Date "2022.04.19"]
[WhiteClock "0:00:54"]
[BlackClock "0:01:31"]

1. e4 c5 2. d4 cxd4 3. c3 dxc3 4. Nxc3 Nc6 5. Nf3 d6 6. Bc4 e6 7. O-O Nf6 8. Qe2 Be7 9. Rd1 e5 10. Be3 O-O 11. a3 Be6 12. Rac1 Rc8 13. Bxe6 fxe6 14. h3 a6 15. b4 Qd7 16. Na4 Bd8 17. Qa2 Nxe4 18. Nc5 Nxc5 19. Bxc5 Be7 20. Rc2 d5 21. Bxe7 Qxe7 22. Qb3 e4 23. Nh2 Qf6 24. Ng4 Qf7 25. Qg3 Ne7 26. Nh6+ Kh8 27. Nxf7+ Kg8 28. Rxc8 Rxc8 29. Ng5 Nf5 30. Qe5 Re8 31. Nxe6 1-0


[Site "https://www.chess.com"]

[Event "Titled Tuesday Blitz April 19 Late 2022"]
[White "Soysal, Serkan"]
[Black "Nathan, Nitish"]
[WhiteFideId "6349250"]
[BlackFideId "30927870"]
[WhiteElo "2440"]
[BlackElo "2244"]
[Result "0-1"]
[Round "01"]
[TimeControl "180+1"]
[Date "2022.04.19"]
[WhiteClock "0:00:22"]
[BlackClock "0:00:52"]

1. e4 c5 2. Nc3 Nc6 3. Nf3 g6 4. d4 cxd4 5. Nxd4 Bg7 6. Be3 d6 7. Bc4 Nf6 8. f3 h5 9. Qd2 Bd7 10. Bb3 Rc8 11. Nxc6 bxc6 12. O-O O-O 13. Rad1 Qc7 14. Bh6 c5 15. Bxg7 Kxg7 16. Bc4 Rb8 17. b3 Qb6 18. f4 Bg4 19. Rde1 Rbd8 20. f5 h4 21. h3 Bh5 22. Nd5 Nxd5 23. exd5 Qc7 24. Qg5 Rde8 25. Rxe7 Rxe7 26. f6+ Kg8 27. fxe7 Re8 28. Re1 Kg7 29. Qxh4 f6 30. g4 g5 31. Qxh5 Rxe7 32. Rf1 Re3 33. Bd3 Rxd3 34. cxd3 Qe7 35. Rf2 Qe3 36. Kg2 Qxd3 37. Qe8 Qxd5+ 38. Rf3 Qd2+ 39. Kg3 Qd4 40. Qe7+ Kg8 41. Qxf6 Qg1# 0-1


[Site "https://www.chess.com"]

[Event "Titled Tuesday Blitz April 19 Late 2022"]
[White "Spata, German"]
[Black "Fernandez Hernandez, Gerardo"]
[WhiteFideId "113026"]
[BlackFideId "2207400"]
[WhiteElo "2238"]
[BlackElo "2132"]
[Result "1-0"]
[Round "01"]
[TimeControl "180+1"]
[Date "2022.04.19"]
[WhiteClock "0:00:12"]
[BlackClock "0:00:01"]

1. d3 g6 2. g3 Bg7 3. Bg2 d6 4. e3 e5 5. Ne2 Nf6 6. O-O O-O 7. c4 Nc6 8. Nbc3 Nh5 9. Nd5 f5 10. Rb1 Ne7 11. b4 c6 12. Nxe7+ Qxe7 13. b5 c5 14. Nc3 Be6 15. Nd5 Bxd5 16. Bxd5+ Kh8 17. f4 exf4 18. gxf4 Nf6 19. Bf3 Rae8 20. Bd2 b6 21. a4 Rd8 22. Qb3 Ng4 23. Bxg4 fxg4 24. e4 Bd4+ 25. Kh1 Qh4 26. Be1 Qh3 27. Bf2 Bxf2 28. Rxf2 g3 29. Qb2+ Kg8 30. Rf3 Qg4 31. Rbf1 g5 32. Rxg3 Qh4 33. Qg2 h6 34. fxg5 Rxf1+ 35. Qxf1 hxg5 36. Qf5 Kh8 37. Rh3 1-0


[Site "https://www.chess.com"]

[Event "Titled Tuesday Blitz April 19 Late 2022"]
[White "Stanisz, Patryk"]
[Black "Vlassov, Nikolai"]
[WhiteFideId "1123106"]
[BlackFideId "4103360"]
[WhiteElo "1833"]
[BlackElo "2407"]
[Result "0-1"]
[Round "01"]
[TimeControl "180+1"]
[Date "2022.04.19"]
[WhiteClock "0:00:01"]
[BlackClock "0:01:32"]

1. d4 Nf6 2. c4 Nc6 3. Nf3 e6 4. a3 d5 5. Nc3 dxc4 6. e3 Na5 7. Bxc4 Nxc4 8. Qa4+ Bd7 9. Qxc4 Bd6 10. e4 b5 11. Qd3 b4 12. Nb5 Nxe4 13. Nxc7+ Qxc7 14. Qxe4 O-O 15. O-O Bc6 16. Qh4 Bxf3 17. gxf3 bxa3 18. bxa3 Qc3 19. Be3 Qd3 20. Rfd1 Qf5 21. Qg4 Qd5 22. Qe4 Qh5 23. Bf4 Bxf4 24. Qxf4 Rad8 25. Qg4 Qa5 26. Kh1 Rd5 27. Rg1 g6 28. Rgc1 Rfd8 29. Rc4 Qd2 30. Rac1 Qxf2 31. Qg2 Qe3 32. R1c3 Qe1+ 33. Qg1 Qd2 34. Qg2 Qd1+ 35. Qg1 Rxd4 36. Qxd1 Rxd1+ 37. Kg2 R8d2+ 38. Kg3 Rg1+ 39. Kf4 Rxh2 40. Rc8+ Kg7 41. R8c7 Rh4+ 42. Ke3 Ra4 0-1


[Site "https://www.chess.com"]

[Event "Titled Tuesday Blitz April 19 Late 2022"]
[White "Suleymanli, Aydin"]
[Black "Derraugh, Geordie"]
[WhiteFideId "13413937"]
[BlackFideId "2603950"]
[WhiteElo "2481"]
[BlackElo "2116"]
[Result "1-0"]
[Round "01"]
[TimeControl "180+1"]
[Date "2022.04.19"]
[WhiteClock "0:01:15"]
[BlackClock "0:00:01"]

1. d4 Nf6 2. c4 g6 3. Nc3 d5 4. cxd5 Nxd5 5. e4 Nxc3 6. bxc3 Bg7 7. Bc4 c5 8. Ne2 O-O 9. Be3 Nc6 10. Rc1 cxd4 11. cxd4 Qa5+ 12. Kf1 e6 13. h4 h5 14. g4 hxg4 15. h5 gxh5 16. Nf4 e5 17. Rxh5 exf4 18. Rxa5 Nxa5 19. Bxf4 Nxc4 20. Rxc4 Bd7 21. Rc7 Rad8 22. Kg1 a6 23. Bh6 Bc8 24. Bxg7 Kxg7 25. Qd2 Kg6 26. Qf4 f6 27. f3 Rg8 28. Kf2 Be6 29. d5 Bc8 30. fxg4 Rde8 31. g5 Rgf8 32. Ke3 fxg5 33. Qd6+ Rf6 34. Qh2 Rh8 35. Qxh8 1-0


[Site "https://www.chess.com"]

[Event "Titled Tuesday Blitz April 19 Late 2022"]
[White "Szpar, Milosz"]
[Black "Rosenberg, Evan S"]
[WhiteFideId "1184989"]
[BlackFideId "2019299"]
[WhiteElo "2447"]
[BlackElo "2360"]
[Result "1-0"]
[Round "01"]
[TimeControl "180+1"]
[Date "2022.04.19"]
[WhiteClock "0:02:56"]
[BlackClock "0:00:01"]

1. e4 e5 2. Nf3 Nc6 3. Bb5 Nf6 4. O-O Nxe4 5. d4 Nd6 6. Bxc6 dxc6 7. dxe5 Nf5 8. Qxd8+ Kxd8 9. Rd1+ Ke8 10. h3 h5 11. Nc3 Be6 12. Bg5 Be7 13. b3 Bxg5 14. Nxg5 Rh6 15. Nce4 b6 16. f4 Bd5 17. Kf2 h4 18. c4 Bxe4 19. Nxe4 Rd8 20. Rxd8+ Kxd8 21. Rd1+ Ke7 22. c5 Rh8 23. Kf3 f6 24. exf6+ gxf6 25. Re1 Kf7 26. Kg4 Kg6 27. cxb6 axb6 28. b4 Ra8 29. Rc1 Rxa2 30. Rxc6 Rxg2+ 31. Kf3 Nd4+ 32. Kxg2 Nxc6 33. b5 Nd4 34. Nc3 Kf5 35. Kf2 Kxf4 36. Nd5+ Ke5 37. Nxc7 f5 38. Ke3 f4+ 39. Kd3 f3 40. Ke3 Nc2+ 41. Kxf3 Nd4+ 42. Kg4 Kd6 43. Na8 1-0


[Site "https://www.chess.com"]

[Event "Titled Tuesday Blitz April 19 Late 2022"]
[White "Tanenbaum, Zachary"]
[Black "Zor, Alber Kadir"]
[WhiteFideId "2060850"]
[BlackFideId "6353169"]
[WhiteElo "2168"]
[BlackElo "1966"]
[Result "0-1"]
[Round "01"]
[TimeControl "180+1"]
[Date "2022.04.19"]
[WhiteClock "0:00:11"]
[BlackClock "0:00:34"]

1. e4 c5 2. Nf3 d6 3. d4 cxd4 4. Nxd4 Nf6 5. Nc3 Nc6 6. Bg5 e6 7. Bb5 Bd7 8. Qd3 Nxd4 9. Bxd7+ Qxd7 10. Qxd4 Be7 11. O-O-O a6 12. f4 h6 13. Bh4 O-O-O 14. Qa7 Ng8 15. Na4 Qxa4 16. Bf2 Nf6 17. Bb6 Qc6 18. Rd4 Kd7 19. Bxd8 Rxd8 20. Rhd1 Ke8 21. e5 Nd5 22. exd6 Bxd6 23. c4 Bc5 24. cxd5 exd5 25. Rc4 Bxa7 26. Rxc6 bxc6 27. b3 Kd7 28. Kb2 Kd6 29. Rd2 Re8 30. Rc2 Re4 31. g3 g5 32. fxg5 hxg5 33. Ka3 f5 34. Kb2 f4 35. gxf4 gxf4 36. h4 f3 37. h5 f2 38. Rc1 Re1 39. Rxc6+ Kxc6 0-1


[Site "https://www.chess.com"]

[Event "Titled Tuesday Blitz April 19 Late 2022"]
[White "Tregubov, Pavel V."]
[Black "Gatterer, Florian"]
[WhiteFideId "4115341"]
[BlackFideId "811688"]
[WhiteElo "2341"]
[BlackElo "2218"]
[Result "1-0"]
[Round "01"]
[TimeControl "180+1"]
[Date "2022.04.19"]
[WhiteClock "0:00:23"]
[BlackClock "0:00:12"]

1. e4 c5 2. Nf3 e6 3. c3 Nf6 4. e5 Nd5 5. d4 cxd4 6. cxd4 d6 7. Bc4 Bd7 8. O-O Be7 9. Qe2 Bc6 10. Bd2 Nd7 11. Nc3 Nxc3 12. Bxc3 dxe5 13. dxe5 Nb6 14. Bd3 Nd5 15. Bd2 Nb4 16. Bb1 Bxf3 17. gxf3 Nd5 18. Rd1 Qb6 19. Be4 Rd8 20. b4 O-O 21. Rab1 Qc7 22. Rdc1 Qb6 23. f4 g6 24. Kh1 Bh4 25. Kg2 Be7 26. a4 a6 27. a5 Qa7 28. b5 axb5 29. Rxb5 Rd7 30. f5 gxf5 31. Bxd5 Rxd5 32. Rxd5 exd5 33. Rc7 Re8 34. Qb5 Qa8 35. Qxb7 Qd8 36. Rd7 1-0


[Site "https://www.chess.com"]

[Event "Titled Tuesday Blitz April 19 Late 2022"]
[White "Urazayev, Arystanbek"]
[Black "Petrovic, Aleksa"]
[WhiteFideId "13709810"]
[BlackFideId "967629"]
[WhiteElo "2422"]
[BlackElo "2198"]
[Result "1-0"]
[Round "01"]
[TimeControl "180+1"]
[Date "2022.04.19"]
[WhiteClock "0:01:10"]
[BlackClock "0:00:07"]

1. d4 Nf6 2. c4 e6 3. Nc3 Bb4 4. Nf3 b6 5. e3 Bb7 6. Bd3 O-O 7. O-O d5 8. cxd5 exd5 9. Ne5 a6 10. f4 Ne4 11. Qc2 f5 12. Nxe4 fxe4 13. Bxe4 dxe4 14. Qb3+ Qd5 15. Qxb4 Nc6 16. Nxc6 Bxc6 17. Bd2 a5 18. Qc3 Bb5 19. Rfc1 Rac8 20. a4 Bd7 21. b4 axb4 22. Qxb4 Rf6 23. a5 Rg6 24. axb6 Rxg2+ 25. Kxg2 Qh5 26. Qb3+ Kh8 27. Qd1 Bg4 28. Qe1 Bf3+ 29. Kg1 Qg6+ 30. Qg3 Qxb6 31. d5 Qb2 32. Bc3 1-0


[Site "https://www.chess.com"]

[Event "Titled Tuesday Blitz April 19 Late 2022"]
[White "Vusatiuk, Vladimir"]
[Black "Steinberg, Nitzan"]
[WhiteFideId "14118610"]
[BlackFideId "2801795"]
[WhiteElo "2157"]
[BlackElo "2471"]
[Result "0-1"]
[Round "01"]
[TimeControl "180+1"]
[Date "2022.04.19"]
[WhiteClock "0:00:03"]
[BlackClock "0:00:14"]

1. d4 g6 2. c4 Bg7 3. Nc3 d6 4. e4 Nf6 5. h3 O-O 6. Be3 e5 7. d5 a5 8. g4 Na6 9. f3 c6 10. Nge2 Nc5 11. Ng3 cxd5 12. cxd5 a4 13. h4 Qa5 14. Qd2 Bxg4 15. fxg4 Nxg4 16. Be2 Nxe3 17. Qxe3 a3 18. b4 Qxb4 19. Rb1 Qd4 20. Nd1 f5 21. exf5 gxf5 22. Qxd4 exd4 23. Nf2 Rae8 24. Kf1 Re3 25. Nh5 Bh6 26. Rh3 Rxh3 27. Nxh3 d3 28. Bd1 Ne4 29. Rxb7 Nc3 30. Nf2 d2 31. Bb3 Be3 32. Nd1 Bd4 33. Nxc3 Bxc3 34. Nf4 Rc8 35. Ke2 Be5 36. Ne6 f4 37. Kxd2 Rc3 38. Nxf4 Rxb3 39. Rxb3 Bxf4+ 40. Ke2 Bc1 41. Kd1 Bb2 0-1


[Site "https://www.chess.com"]

[Event "Titled Tuesday Blitz April 19 Late 2022"]
[White "Yoo, Christopher Woojin"]
[Black "Karas, Marek"]
[WhiteFideId "30909694"]
[BlackFideId "14928558"]
[WhiteElo "2105"]
[BlackElo "2271"]
[Result "1-0"]
[Round "01"]
[TimeControl "180+1"]
[Date "2022.04.19"]
[WhiteClock "0:00:29"]
[BlackClock "0:00:01"]

1. e4 e6 2. d4 d5 3. Nc3 Nf6 4. Bg5 Be7 5. e5 Nfd7 6. h4 h6 7. Bxe7 Qxe7 8. Qd2 O-O 9. f4 c5 10. Nf3 Nc6 11. O-O-O f6 12. exf6 Qxf6 13. g3 cxd4 14. Nxd4 Nc5 15. Bg2 Bd7 16. Rhe1 Rac8 17. Qe3 Nxd4 18. Qxd4 Qxd4 19. Rxd4 Rfe8 20. Rd2 b5 21. Ne2 b4 22. Nd4 a5 23. Kb1 a4 24. Rde2 Kf7 25. Re5 b3 26. axb3 axb3 27. Nxb3 Nxb3 28. cxb3 Kf6 29. g4 Rb8 30. g5+ Kf7 31. f5 exf5 32. Bxd5+ Kf8 33. gxh6 gxh6 34. Kc2 Rxe5 35. Rxe5 Re8 36. Rxe8+ Bxe8 37. Kd3 Ke7 38. Kd4 Kd6 39. b4 Bb5 40. Bc4 Bc6 41. b5 Bb7 42. Bd3 f4 43. Be4 Bc8 44. b6 Bg4 45. b7 Kc7 46. Bd5 Bd1 47. Ke4 f3 48. Ke3 Ba4 49. Kxf3 Bd1+ 50. Kf4 Kb8 51. Bf3 Bc2 52. Ke5 Bb1 53. Kf6 1-0


[Site "https://www.chess.com"]

[Event "Titled Tuesday Blitz April 19 Late 2022"]
[White "Yurasova, Daria"]
[Black "Herrera Reyes, Jose Antonio"]
[WhiteFideId "34146919"]
[BlackFideId "2274914"]
[WhiteElo "2064"]
[BlackElo "2361"]
[Result "0-1"]
[Round "01"]
[TimeControl "180+1"]
[Date "2022.04.19"]
[WhiteClock "0:00:20"]
[BlackClock "0:02:05"]

1. d4 Nf6 2. Nf3 c5 3. dxc5 e6 4. e3 Bxc5 5. a3 O-O 6. b4 Be7 7. Bb2 a5 8. b5 b6 9. Nbd2 Bb7 10. Bd3 d6 11. O-O e5 12. Be2 Nbd7 13. c4 Nc5 14. Nb3 Rc8 15. Nxc5 Rxc5 16. a4 Bxf3 17. gxf3 e4 18. f4 d5 19. Bd4 Rc8 20. Rc1 Ba3 21. Rc2 Bc5 22. Bxf6 Qxf6 23. Qxd5 Qg6+ 24. Qg5 Qxg5+ 25. fxg5 Rfd8 26. Rd1 Rxd1+ 27. Bxd1 Rd8 28. Bg4 Rd3 29. Bf5 Ra3 30. Rd2 Kf8 31. Bxe4 Rxa4 32. Bf5 Rxc4 33. Rd8+ Ke7 34. Rd7+ Ke8 35. Rb7 g6 36. Bd7+ Kf8 37. Rb8+ Ke7 38. Rb7 Rc1+ 39. Kg2 a4 40. Bc6+ Kd6 41. Rxf7 a3 42. Rd7+ Ke6 43. Rd8 a2 0-1


[Site "https://www.chess.com"]

[Event "Titled Tuesday Blitz April 19 Late 2022"]
[White "Zakhartsov, Vladimir"]
[Black "Bas Mas, Jose Joaquin"]
[WhiteFideId "4145097"]
[BlackFideId "22219064"]
[WhiteElo "2491"]
[BlackElo "2212"]
[Result "1-0"]
[Round "01"]
[TimeControl "180+1"]
[Date "2022.04.19"]
[WhiteClock "0:00:50"]
[BlackClock "0:00:30"]

1. d4 f5 2. h3 Nf6 3. g4 fxg4 4. hxg4 Nxg4 5. Qd3 g6 6. Rxh7 Rxh7 7. Qxg6+ Rf7 8. Qxg4 d5 9. Qh5 Nc6 10. Nf3 Qd6 11. Ng5 Qf6 12. Nxf7 Qxf7 13. Qxf7+ Kxf7 14. c3 Bf5 15. Bf4 Rc8 16. Nd2 e6 17. Bg2 Bg4 18. Bf3 Bf5 19. e3 a5 20. Ke2 Be7 21. Bh5+ Bg6 22. Bxg6+ Kxg6 23. Rg1+ Kf7 24. Nf3 a4 25. Kd3 b5 26. Ne5+ Nxe5+ 27. Bxe5 Bf6 28. Bxf6 Kxf6 29. f3 c5 30. dxc5 Rxc5 31. Rg4 Kf5 32. Rb4 e5 33. f4 Ke6 34. Ke2 e4 35. Kd2 Kf5 36. b3 axb3 37. axb3 Kg4 38. Rd4 Kf5 39. b4 Rc4 40. Rxd5+ Kg4 41. Rc5 Rxc5 42. bxc5 Kf5 43. Kc2 Ke6 44. Kb3 Kd5 45. Kb4 Kc6 46. f5 1-0


[Site "https://www.chess.com"]

[Event "Titled Tuesday Blitz April 19 Late 2022"]
[White "Zhao, Jun"]
[Black "Senthilkumar, Pranav"]
[WhiteFideId "8602522"]
[BlackFideId "2083477"]
[WhiteElo "2547"]
[BlackElo "2477"]
[Result "1-0"]
[Round "01"]
[TimeControl "180+1"]
[Date "2022.04.19"]
[WhiteClock "0:02:08"]
[BlackClock "0:02:08"]

1. d4 Nf6 2. c4 c5 3. d5 b6 4. Nc3 g6 5. e4 Bg7 6. e5 Ng8 7. Nf3 d6 8. Bf4 dxe5 9. Nxe5 Nf6 10. Be2 O-O 11. O-O Bb7 12. Bf3 Ne8 13. Qe2 Nd6 14. g4 g5 15. Bg3 Na6 16. Rfe1 Nc7 17. Rad1 b5 18. cxb5 c4 19. a4 a6 20. b6 Nce8 21. a5 Rc8 22. Nc6 Bxc6 23. dxc6 1-0


[Site "https://www.chess.com"]

[Event "Titled Tuesday Blitz April 19 Late 2022"]
[White "Zhou, Qiyu"]
[Black "Taichman, Ori"]
[WhiteFideId "505161"]
[BlackFideId "2804069"]
[WhiteElo "1925"]
[BlackElo "2227"]
[Result "0-1"]
[Round "01"]
[TimeControl "180+1"]
[Date "2022.04.19"]
[WhiteClock "0:00:05"]
[BlackClock "0:00:22"]

1. e4 c5 2. Nf3 Nc6 3. d4 cxd4 4. Nxd4 d5 5. exd5 Qxd5 6. Be3 e6 7. c4 Qe5 8. Nxc6 bxc6 9. Nc3 Bc5 10. Qf3 Ne7 11. Bd3 Bxe3 12. fxe3 Rb8 13. O-O O-O 14. Rab1 c5 15. Qe4 Ng6 16. Rf2 Bb7 17. Qxe5 Nxe5 18. Bf1 Rfd8 19. b3 Bc6 20. h3 Rd7 21. Rc2 Rbd8 22. Kf2 Rd2+ 23. Rxd2 Rxd2+ 24. Be2 Rc2 25. Rd1 g5 26. Nb5 Rxa2 27. Rd8+ Kg7 28. Nc7 Be4 29. Ke1 Bxg2 30. Ne8+ Kg6 31. Nd6 Bf3 32. Rg8+ Kf6 33. Bxf3 Nxf3+ 34. Kd1 Rd2+ 35. Kc1 Rxd6 0-1


[Site "https://www.chess.com"]

[Event "Titled Tuesday Blitz April 19 Late 2022"]
[White "Zong, Davis"]
[Black "Jaracz, Pawel"]
[WhiteFideId "30903955"]
[BlackFideId "1102222"]
[WhiteElo "2061"]
[BlackElo "2429"]
[Result "0-1"]
[Round "01"]
[TimeControl "180+1"]
[Date "2022.04.19"]
[WhiteClock "0:00:04"]
[BlackClock "0:01:51"]

1. d4 Nf6 2. c4 e6 3. g3 d5 4. Bg2 Bb4+ 5. Nd2 O-O 6. Nf3 dxc4 7. O-O b5 8. a4 c6 9. Ne5 Nd5 10. e3 Bb7 11. b3 c3 12. Ne4 Be7 13. Qc2 b4 14. Rd1 a5 15. Nd3 Nd7 16. f4 Qb6 17. Nef2 c5 18. e4 N5f6 19. dxc5 Nxc5 20. Be3 Qc7 21. Nxc5 Bxc5 22. Bxc5 Qxc5 23. e5 Nd5 24. Bxd5 Bxd5 25. Rd3 Be4 26. Rad1 Bxd3 27. Rxd3 Rad8 28. Rxd8 Rxd8 0-1


[Site "https://www.chess.com"]

[Event "Titled Tuesday Blitz April 19 Late 2022"]
[White "Aigner, Michael"]
[Black "Tologon tegin, Semetei"]
[WhiteFideId "2017288"]
[BlackFideId "13800574"]
[WhiteElo "2404"]
[BlackElo "2258"]
[Result "1-0"]
[Round "02"]
[TimeControl "180+1"]
[Date "2022.04.19"]
[WhiteClock "0:00:28"]
[BlackClock "0:00:16"]

1. e4 e5 2. Nf3 Nc6 3. d4 exd4 4. Nxd4 Bc5 5. Be3 Bb6 6. c3 Nf6 7. Nd2 O-O 8. Be2 d5 9. Nxc6 bxc6 10. Bxb6 axb6 11. exd5 Nxd5 12. O-O Be6 13. a3 Qg5 14. Ne4 Qg6 15. Bf3 Rad8 16. Qc1 Rfe8 17. Qg5 Bf5 18. Qxg6 hxg6 19. Rfe1 Nf4 20. Ng3 c5 21. Nxf5 gxf5 22. Rxe8+ Rxe8 23. Rd1 Kf8 24. Kf1 Ke7 25. g3 Ne6 26. Bc6 Rd8 27. Rxd8 Kxd8 28. h4 Ke7 29. f4 g6 30. Ke2 Kd6 31. Bb5 Ng7 32. Kf3 Nh5 33. Be8 Ke7 34. Bb5 Nf6 35. Bd3 c6 36. Bc2 c4 37. Ke3 Kd6 38. Bb1 Kc5 39. Kf3 Kd5 40. Ke3 b5 41. Kf3 c5 42. Ke3 Kc6 43. Kf3 Kb6 44. Ke3 Ka5 45. Bc2 b4 46. cxb4+ cxb4 47. Kd4 Nh5 48. Kxc4 bxa3 49. bxa3 Nxg3 50. Kd4 Nh5 51. Ke3 Nf6 52. Bb3 Ng4+ 53. Kd4 Nh6 54. Ke5 Ng4+ 55. Kd6 Nh2 56. Bxf7 Nf3 57. Bxg6 Nxh4 58. Be8 Kb6 59. Ke5 Kc5 60. Bd7 Kc4 61. Bxf5 Kb3 62. Be4 Kxa3 63. Kf6 Kb4 64. Kg5 Kc5 65. Kxh4 1-0


[Site "https://www.chess.com"]

[Event "Titled Tuesday Blitz April 19 Late 2022"]
[White "Aldokhin, Ivan"]
[Black "Foisor, Sabina-Francesca"]
[WhiteFideId "24115720"]
[BlackFideId "1212915"]
[WhiteElo "2231"]
[BlackElo "2243"]
[Result "1-0"]
[Round "02"]
[TimeControl "180+1"]
[Date "2022.04.19"]
[WhiteClock "0:00:06"]
[BlackClock "0:00:10"]

1. e4 c6 2. Nc3 g6 3. d4 d5 4. h3 Bg7 5. Nf3 dxe4 6. Nxe4 Nf6 7. Nxf6+ Bxf6 8. Bh6 Nd7 9. Be2 Nb6 10. O-O Be6 11. a4 Qd7 12. a5 Nd5 13. c4 Nc7 14. Qd2 O-O-O 15. a6 b6 16. Rfd1 Rhg8 17. d5 cxd5 18. c5 bxc5 19. Rdc1 c4 20. Nd4 Qd6 21. Bf4 Be5 22. Bxe5 Qxe5 23. Nc6 Qd6 24. Nxd8 Kxd8 25. b3 Ke8 26. bxc4 dxc4 27. Qxd6 exd6 28. Bxc4 Kd7 29. Be2 Rb8 30. Rab1 Rxb1 31. Rxb1 Bd5 32. Rb7 Kc6 33. Rb8 f5 34. Rh8 h5 35. Rh6 Bf7 36. Rh7 Bd5 37. Rg7 Be4 38. Rxg6 Kc5 39. Rg5 d5 40. Rxh5 d4 41. g4 d3 42. Bd1 Nxa6 43. gxf5 Kd6 44. f6 Ke6 45. Ra5 Nc5 46. Rxa7 Kxf6 47. Ra5 Ne6 48. Kf1 Nf4 49. Ke1 Nxh3 50. f3 Bf5 51. Kd2 Nf2 52. Bb3 Nh3 53. Ke3 Ng5 54. Bc4 Kg6 55. f4 Nh3 56. Ra6+ Kh5 57. Ra5 Kg4 58. Ra4 Kg3 59. Bxd3 Bxd3 60. Kxd3 Nxf4+ 61. Ke4 Ng2 62. Ra3+ Kf2 63. Ra2+ Kg3 64. Rb2 Kg4 65. Rxg2+ Kh3 66. Rd2 Kg3 67. Rd3+ Kg4 68. Rf3 Kh4 69. Kf4 Kh5 70. Rg3 Kh4 71. Rg1 Kh5 72. Rg2 Kh6 73. Kf5 Kh7 74. Kf6 Kh8 75. Kf7 Kh7 76. Rh2# 1-0


[Site "https://www.chess.com"]